 Dungeon Crawl Stone Soup version 0.31-a0-1570-g93c622d222 (webtiles) character file.

Game seed: 12238495919820126677

36908 night the Fighter (level 13, 0/72 HPs)
             Began as a Vine Stalker Berserker on Jan 1, 2024.
             Was an Initiate of Jiyva.
             Shot with an arrow by Nessos (8 damage)
             ... on level 5 of the Lair of Beasts on Jan 4, 2024.
             The game lasted 00:39:08 (15405 turns).

night the Fighter (Vine Stalker Berserker)         Turns: 15405, Time: 00:39:09

Health: 0/72       AC: 21    Str: 23    XL:     13   Next: 93%
Magic:  0/14       EV: 17    Int:  7    God:    Jiyva [......]
Gold:   1850       SH:  6    Dex: 19    Spells: 12/12 levels left

rFire   . . .        a - +10 quick blade "Sekhecw" {flame, Dex+3}
rCold   . . .        l - +0 buckler
rNeg    . . .        U - +0 troll leather armour
rPois   .            J - +2 helmet
rElec   .            d - +2 cloak
rCorr   .            g - +1 pair of gloves
SInv    .            (no boots)
Will    +....        (no amulet)
Stlth   +            u - +4 ring of protection
HPRegen 1.92/turn    Q - +4 ring of protection
MPRegen 0.14/turn

%: guardian spirit
@: lethally poisoned (0 -> -6), studying 2 skills
A: fangs 3, regeneration 1, magic shield, antimagic bite, no potion heal 2
a: Renounce Religion


You were on level 5 of the Lair of Beasts.
You worshipped Jiyva.
Jiyva was noncommittal.
You visited 3 branches of the dungeon, and saw 17 of its levels.
You also visited: Ossuary, Bailey and Volcano.

You collected 1850 gold pieces.

Inventory:

Hand Weapons
 a - the +10 quick blade "Sekhecw" (weapon) {flame, Dex+3}
   (Trog gifted it to you in a volcano)

   Dex+3:     It affects your dexterity (+3).
 f - a +4 demon blade of flaming
 C - the +10 dagger "Xeh Fim" {spect, Fly rCorr Str+2}
   (You found it on level 5 of the Dungeon)

   Str+2:     It affects your strength (+2).
   Fly:       It grants you flight.
   rCorr:     It protects you from acid and corrosion.
 P - a +4 antimagic rapier
Missiles
 b - 23 poisoned darts
 B - 10 atropa-tipped darts
 D - 4 datura-tipped darts
 H - 6 javelins
 N - a throwing net
 W - 13 stones
Armour
 d - a +2 cloak (worn)
 e - a +1 cloak of fire resistance
 g - a +1 pair of gloves (worn)
 l - a +0 buckler (worn)
 J - a +2 helmet (worn)
 U - a +0 troll leather armour (worn)
Jewellery
 q - a ring of see invisible
 u - a +4 ring of protection (left hand)
 y - a ring of protection from cold
 Q - a +4 ring of protection (right hand)
 Z - a ring of flight
Wands
 k - a wand of flame (3)
 t - a wand of digging (8)
 G - a wand of charming (12)
 I - a wand of iceblast (3)
 L - a wand of quicksilver (7)
 M - a wand of mindburst (16)
Scrolls
 c - a scroll of identify
 m - a scroll of blinking
 o - 5 scrolls of enchant weapon
 p - 4 scrolls of teleportation
 v - 4 scrolls of fear
 F - 3 scrolls of immolation
 S - a scroll of vulnerability
 T - 2 scrolls of poison
 X - a scroll of revelation
 Y - 2 scrolls of enchant armour
Potions
 h - 5 potions of enlightenment
 i - 2 potions of mutation
 j - a potion of cancellation
 n - 6 potions of curing
 r - 10 potions of might
 s - 5 potions of ambrosia
 w - 5 potions of haste
 x - a potion of resistance
 z - 2 potions of invisibility
 A - a potion of attraction
 E - 3 potions of lignification
 K - 2 potions of berserk rage
Miscellaneous
 O - a phial of floods
 V - a phantom mirror


   Skills:
 + Level 10.3 Fighting
 - Level 7.8(8.5) Short Blades
 + Level 5.3(7.3) Long Blades
 + Level 9.1 Armour
 + Level 9.1 Dodging
 + Level 6.0 Shields
 + Level 9.7 Evocations


You had 12 spell levels left.
You didn't know any spells.
Your spell library contained the following spells:

 Spells                   Type           Power      Damage    Failure   Level
 Apportation              Tloc           0%         N/A       52%         1
 Necrotise                Necr           0%         1d4       52%         1
 Shock                    Conj/Air       0%         1d3       52%         1
 Slow                     Hex            0%         N/A       52%         1
 Sting                    Conj/Alch      0%         1d3       52%         1
 Summon Small Mammal      Summ           0%         N/A       52%         1
 Cigotuvi's Dreadful Rot  Necr/Alch/Air  0%         N/A       67%         2
 Ensorcelled Hibernation  Hex/Ice        0%         N/A       67%         2
 Confusing Touch          Hex            0%         N/A       88%         3
 Fugue of the Fallen      Necr           0%         N/A       88%         3
 Sigil of Binding         Hex            0%         N/A       88%         3
 Swiftness                Air            0%         N/A       88%         3
 Tukima's Dance           Hex            0%         N/A       88%         3
 Vampiric Draining        Necr           0%         2d6       88%         3
 Airstrike                Air            0%         2d(0-16)  99%         4
 Anguish                  Hex/Necr       0%         N/A       99%         4
 Dimensional Bullseye     Hex/Tloc       0%         N/A       99%         4
 Ignite Poison            Fire/Alch      0%         N/A       99%         4
 Iskenderun's Mystic Bla  Conj/Tloc      0%         2d3       99%         4
 Freezing Cloud           Conj/Ice/Air   0%         6-21      100%        5


Dungeon Overview and Level Annotations

Branches:
Dungeon (11/15)            Temple (1/1) D:4            Lair (5/5) D:9
 Shoals (0/4) Lair:2        Snake (0/4) Lair:3        Slime (0/5) Lair:4
Ossuary (visited)          Bailey (visited)         Volcano (visited)
    Orc: D:9-12

Altars:
Ashenzari
Cheibriados
Dithmenos
Elyvilon
Fedhas
Gozag
Hepliaklqana
Kikubaaqudgha
Makhleb
Nemelex Xobeh
Okawaru
Qazlal
Ru
Sif Muna
Trog
Uskayaw
Vehumet
Wu Jian
Xom
Yredelemnul
Zin
The Shining One
Jiyva

Annotations:
Lair:5 Nessos


Innate Abilities, Weirdness & Mutations

You have razor-sharp teeth.
Your natural rate of healing is unusually fast.
When hurt, damage is shared between your health and your magic reserves.
Your bite disrupts and absorbs the magic of your enemies.
Potions cannot restore your health.


Message History

Nessos mumbles some strange words.
Nessos seems to speed up.
Nessos unwields a +3 longbow of flaming.
It stops flaming.
Nessos closely misses you. Nessos completely misses you.
You hit Nessos. You burn Nessos. You bite Nessos.
Nessos's magic leaks into the air.
You drain their magic. You hit Nessos. You burn Nessos.
Your bite misses Nessos.
Nessos is moderately wounded.
Nessos hits you but does no damage. You block Nessos's attack.
You completely miss Nessos. You puncture Nessos! You burn Nessos.
You bite Nessos, but do no damage.
Nessos is moderately wounded.
Nessos's magic is no longer disrupted.
Nessos hits you but does no damage. Nessos completely misses you.
Nessos mumbles some strange words.
Nessos blinks!
Nessos zaps a wand.
You resist with almost no effort.
Nessos zaps a wand.
You resist with almost no effort.
Nessos pounds the earth with their hooves.
Nessos casts a spell.
Nessos blinks!
Nessos wields a +3 longbow of flaming.
It bursts into flame!
Nessos shoots an arrow.
The arrow hits you but does no damage.
Nessos shoots an arrow.
The arrow hits you!! The arrow burns you!
You are poisoned.
Nessos shoots an arrow.
You block the arrow.
You feel sick.
Nessos gestures wildly while chanting.
Nessos blinks!
Nessos shoots an arrow.
The arrow misses you.
You feel sick.
Nessos shoots an arrow.
The arrow misses you.
Nessos zaps a wand.
You resist with almost no effort.
Nessos shoots an arrow.
The arrow misses you.
You feel sick.
Nessos shoots an arrow.
The arrow hits you!! The arrow burns you!
You are more poisoned.
* * * LOW HITPOINT WARNING * * *
Nessos shoots an arrow.
You block the arrow.
* * * LOW HITPOINT WARNING * * *
You feel very sick.
Nessos shoots an arrow.
The arrow hits you!
You die...

.........#..#.##.
.......###.##.P##.
........#P.PP.....
..........P.P.....
...........PP.....
..............###.
......#...#.###
.....^#.#####.#
#......#@###.#...
##..c............
####............
###..........
####.......
#...... #.....
..... .....


You could see Nessos (fast).

Vanquished Creatures
  Josephine (Lair:2)
  A two-headed ogre (D:9)
  3 hydras
  A boulder beetle (D:9)
  An obsidian statue (Volcano)
  3 oklob plants (Lair:4)
  2 cyclopes (D:11)
  An elephant (D:9)
  5 black mambas
  A gargoyle (D:11)
  12 cane toads
  2 rime drakes
  6 komodo dragons
  An unseen horror (D:10)
  2 trolls (D:10)
  2 hornets
  A polar bear (Lair:3)
  10 blink frogs
  4 dream sheep (Lair:4)
  A snapping turtle (Lair:2)
  Sigmund (D:6)
  2 shadows (D:11)
  A spriggan (Lair:2)
  4 wyverns
  2 vampires
  5 wraiths
  A water elemental (Lair:2)
  5 basilisks
  33 yaks
  4 fire bats (Volcano)
  A steam dragon (D:8)
  5 nagas (Lair:3)
  An acid dragon (D:11)
  Edmund (D:5)
  10 water moccasins
  An ice beast (D:5)
  8 orc warriors
  A black bear (D:5)
  7 centaurs
  10 wolves
  4 boggarts (Lair:3)
  3 ogres (D:5)
  6 kobold brigands
  3 gnoll sergeants
  2 scorpions (D:5)
  8 bullfrogs
  7 wights
  16 killer bees
  5 electric eels
  3 bombardier beetles
  7 lava snakes
  2 howler monkeys
  Crazy Yiuf (D:5)
  A gnoll bouda (D:6)
  4 hounds
  3 jellies
  6 orc priests
  A sleepcap (D:5)
  Jessica (D:2)
  Natasha (thrice) (D:2)
  2 iguanas
  7 orc wizards
  8 mummies (Ossuary)
  Robin (D:2)
  16 gnolls
  12 adders
  5 white imps
  2 ufetubi
  3 dart slugs
  16 orcs
  10 endoplasms
  8 giant cockroaches
  2 gnoll zombies (Ossuary)
  6 hobgoblins
  2 jackals (D:1)
  4 ball pythons
  4 bats
  A frilled lizard (D:3)
  22 goblins
  2 hobgoblin zombies (Ossuary)
  24 kobolds
  A kobold zombie (Ossuary)
  3 orc zombies (Ossuary)
  7 rats
417 creatures vanquished.

Vanquished Creatures (collateral kills)
  A hell knight (Volcano)
  A salamander mystic (Volcano)
  2 salamanders (Volcano)
4 creatures vanquished.

Vanquished Creatures (others)
  A salamander (Volcano)
  An electric eel (Lair:1)
  2 spectral weapons (D:9)
4 creatures vanquished.

Grand Total: 425 creatures vanquished

Notes
Turn   | Place    | Note
-------+----------+-------------------------------------------
     0 | D:1      | night the Vine Stalker Berserker began the quest for the
                  | Orb.
     0 | D:1      | Reached XP level 1. HP: 11/11 MP: 2/2
   228 | D:1      | Reached XP level 2. HP: 16/16 MP: 3/3
   528 | D:1      | Reached XP level 3. HP: 19/19 MP: 4/4
   872 | D:2      | Reached skill level 3 in Fighting
   999 | D:2      | Noticed Natasha
  1003 | D:2      | Reached skill level 2 in Dodging
  1015 | D:2      | Reached skill level 2 in Armour
  1015 | D:2      | Reached skill level 1 in Evocations
  1027 | D:2      | Killed Natasha
  1028 | D:2      | Reached XP level 4. HP: 20/24 MP: 3/5
  1080 | D:2      | Noticed Natasha
  1093 | D:2      | Killed Natasha
  1093 | D:2      | Reached ** piety under Trog
  1407 | D:2      | Noticed Robin
  1427 | D:2      | Reached XP level 5. HP: 28/28 MP: 6/6
  1452 | D:2      | Killed Robin
  1776 | D:2      | Noticed Jessica
  1786 | D:2      | Killed Jessica
  1933 | D:2      | Noticed Natasha
  1945 | D:2      | Killed Natasha
  1993 | D:3      | Reached skill level 2 in Evocations
  2188 | D:3      | Reached XP level 6. HP: 32/32 MP: 7/7
  2904 | D:4      | Found a sand-covered staircase.
  2913 | Ossuary  | Entered an ossuary
  2933 | Ossuary  | Reached *** piety under Trog
  2974 | Ossuary  | HP: 4/33 [mummy (7)]
  3656 | D:4      | Reached XP level 7. HP: 37/37 MP: 8/8
  3729 | D:4      | Reached skill level 4 in Fighting
  3767 | D:4      | Found a staircase to the Ecumenical Temple.
  3776 | Temple   | Entered the Ecumenical Temple
  4327 | D:5      | Entered Level 5 of the Dungeon
  4336 | D:5      | Found a stormy altar of Qazlal.
  4546 | D:5      | Found a runed translucent door.
  4547 | D:5      | Noticed Crazy Yiuf
  4556 | D:5      | Killed Crazy Yiuf
  4855 | D:5      | Identified the +10 dagger "Xeh Fim" {spect, Fly rCorr
                  | Str+2}
  4890 | D:5      | Gained mutation: You have razor-sharp teeth. [Vine Stalker
                  | growth]
  4890 | D:5      | Reached XP level 8. HP: 42/42 MP: 9/9
  4902 | D:5      | Reached **** piety under Trog
  4972 | D:5      | Found a shimmering blue altar of Sif Muna.
  4972 | D:5      | Found a hazy altar of Hepliaklqana.
  4973 | D:5      | Found a basalt altar of Yredelemnul.
  4973 | D:5      | Found a bloodstained altar of Trog.
  4973 | D:5      | Found a broken altar of Ashenzari.
  5052 | D:5      | Reached skill level 5 in Fighting
  5057 | D:5      | Reached skill level 5 in Short Blades
  5185 | D:5      | Noticed Edmund
  5200 | D:5      | Killed Edmund
  5565 | D:6      | Reached XP level 9. HP: 45/47 MP: 10/10
  5776 | D:6      | Noticed Sigmund
  5778 | D:6      | Found a sacrificial altar of Ru.
  5783 | D:6      | Killed Sigmund
  5919 | D:6      | Upgraded the game from 0.31-a0-1539-g569d6c7dce to
                  | 0.31-a0-1570-g93c622d222
  6177 | D:7      | Noticed a hornet
  6186 | D:7      | Killed a hornet
  6187 | D:7      | Reached skill level 6 in Fighting
  6187 | D:7      | Reached skill level 5 in Armour
  6187 | D:7      | Reached skill level 5 in Dodging
  6187 | D:7      | Reached skill level 5 in Evocations
  6336 | D:7      | Reached ***** piety under Trog
  6340 | D:7      | Found a shimmering altar of Xom.
  6844 | D:8      | Identified a scroll of acquirement
  6844 | D:8      | Acquired a manual of Shields
  6903 | D:8      | Reached XP level 10. HP: 22/53 MP: 8/11
  6969 | D:8      | Found a flagged portal.
  6984 | D:8      | HP: 7/53 [poisoned by a killer bee]
  6986 | D:8      | HP: 1/53 [poisoned by a killer bee]
  7036 | Bailey   | Entered a bailey
  7148 | Bailey   | Identified the +6 dagger "Diukhe" {freeze, rC+ rCorr Int-4}
  7183 | Bailey   | HP: 7/53 [orc warrior/the +6 dagger "Diukhe" {freeze, rC+
                  | rCorr Int-4} (2)]
  7234 | Bailey   | Found a burning altar of Makhleb.
  7761 | D:9      | Identified the +0 robe of Cafeuqoe {Str+2 Stlth+}
  7832 | D:9      | Reached skill level 7 in Fighting
  8046 | D:9      | Noticed a boulder beetle
  8079 | D:9      | Killed a boulder beetle
  8080 | D:9      | Reached XP level 11. HP: 58/58 MP: 10/12
  8211 | D:9      | Noticed a two-headed ogre
  8237 | D:9      | Killed a two-headed ogre
  8275 | D:9      | Found a staircase to the Lair.
  8624 | D:10     | Entered Level 10 of the Dungeon
  8633 | D:10     | Received a gift from Trog
  8830 | D:10     | Reached ****** piety under Trog
  9073 | D:10     | Found a burning altar of Makhleb.
  9170 | D:10     | Noticed a five-headed hydra
  9184 | D:10     | Reached skill level 8 in Fighting
  9184 | D:10     | Reached skill level 1 in Long Blades
  9212 | D:10     | Killed a five-headed hydra
  9490 | D:11     | Noticed a cyclops
  9497 | D:11     | Killed a cyclops
  9498 | D:11     | Reached skill level 2 in Long Blades
  9835 | D:11     | Noticed a cyclops
  9843 | D:11     | Killed a cyclops
  9844 | D:11     | Reached XP level 12. HP: 60/65 MP: 10/13
 10036 | D:11     | HP: 2/65 [gargoyle/stone arrow (14)]
 10391 | Lair:1   | Entered Level 1 of the Lair of Beasts
 10506 | Lair:1   | Acquired a +3 quick blade of electrocution
 11782 | Lair:2   | Found a dark tunnel.
 11796 | Volcano  | Entered a volcano
 11935 | Volcano  | Noticed a hell knight
 11936 | Volcano  | Found a burning altar of Makhleb.
 11952 | Volcano  | Killed a hell knight
 11952 | Volcano  | Identified the +10 quick blade "Sekhecw" {flame, Dex+3}
                  | (Trog gifted it to you in a volcano)
 11952 | Volcano  | Received a gift from Trog
 11953 | Volcano  | Reached skill level 9 in Fighting
 11985 | Volcano  | Noticed a soul eater
 12000 | Volcano  | Noticed a soul eater
 12023 | Volcano  | HP: 7/66 [soul eater[an obsidian statue] (8)]
 12027 | Volcano  | HP: 1/66 [soul eater[an obsidian statue] (7)]
 12347 | Lair:2   | Found an ancient bone altar of Kikubaaqudgha.
 12395 | Lair:2   | Paralysed by a hornet for 3 turns
 12536 | Lair:2   | Reached skill level 1 in Shields
 12561 | Lair:2   | Reached XP level 13. HP: 65/70 MP: 11/14
 12570 | Lair:2   | Reached skill level 2 in Shields
 12926 | Lair:2   | Found a staircase to the Shoals.
 13001 | Lair:3   | Noticed Josephine
 13018 | Lair:2   | Killed Josephine
 13019 | Lair:2   | HP: 9/70 [komodo dragon (17)]
 13020 | Lair:2   | HP: 3/70 [komodo dragon (7)]
 13835 | Lair:3   | Found a staircase to the Snake Pit.
 13864 | Lair:3   | Identified the +5 war axe "Jeit" {freeze, +Blink Stlth+}
 13908 | Lair:3   | Received a gift from Trog
 14256 | Lair:4   | Reached skill level 10 in Fighting
 14260 | Lair:4   | Reached skill level 5 in Shields
 14373 | Lair:4   | Reached skill level 5 in Long Blades
 14433 | Lair:4   | HP: 9/72 [poisoned by a black mamba]
 14436 | Lair:4   | HP: 4/72 [poisoned by a black mamba]
 14441 | Lair:4   | HP: 7/72 [poisoned by a black mamba]
 14941 | Lair:4   | Found a viscous altar of Jiyva.
 14941 | Lair:4   | Found a staircase to the Slime Pits.
 14951 | Lair:4   | Fell from the grace of Trog
 14951 | Lair:4   | Became a worshipper of Jiyva Jilasoco the Shapeless
 15380 | Lair:5   | Entered Level 5 of the Lair of Beasts
 15394 | Lair:5   | Noticed Nessos
 15405 | Lair:5   | HP: 8/72 [poisoned by Nessos]
 15405 | Lair:5   | Shot with an arrow by Nessos

Illustrated notes

Levels and vault maps discovered:
D:1:      dpeg_arrival_pond, layout_basic, nicolae_grassy_gnolls
D:2:      layout_loops_corners, kennysheep_generic_room_14, uniq_natasha,
          uniq_jessica, uniq_robin
D:3:      layout_loops_corners, serial_bayou_ford_a
D:4:      layout_basic, lemuel_temple_firewalk_a,
          lightli_ossuary_entry_decrepit_ruins
D:5:      layout_loops_corners, grunt_temple_overflow_open,
          mainiacjoe_overflow_six_doors_small, st_stairs_3, uniq_edmund,
          uniq_crazy_yiuf_cottage
D:6:      layout_basic, mainiacjoe_overflow_cross_hatched, uniq_sigmund
D:7:      layout_rooms, tgw_xom, serial_rivers, chequers_serial_rivers_small_b,
          chequers_serial_rivers_large_b, chequers_serial_rivers_micro_e,
          chequers_serial_rivers_micro_d, grunt_ministairs_6,
          nicolae_underground_beach
D:8:      layout_basic, enter_bailey_3
D:9:      layout_basic, david_lair_generic
D:10:     nicolae_moon_pools, layout_rooms, lemuel_round_altar
D:11:     layout_irregular_city
Temple:   cyrus_circular_temple
Lair:1:   layout_layer_cave, nicolae_lair_liquid_snakes
Lair:2:   layout_loops_ring, minmay_shoals_entry_hut, enter_volcano_2,
          basic_altar, grunt_forest_large_clearings
Lair:3:   layout_loops_ring, minmay_snake_entry_guardpost_medium,
          grunt_forest_stairs_basic, dreamdust_deal_with_the_devil,
          kilobyte_rumbling_trees, uniq_josephine
Lair:4:   layout_layer_cave, slime_entry_2, dpeg_oklob_1, grunt_megastairs_5
Lair:5:   cheibrodos_lair_end_hotspot, layout_regular_city, uniq_nessos,
          uniq_kirke

Skill      XL: |  1  2  3  4  5  6  7  8  9 10 11 12 13 |
---------------+----------------------------------------+-----
Short Blades   | 3 4 5 6 7 |  7.8
Fighting       | 3 4 5 6 7 8 9 10 | 10.3
Dodging        | 2 3 4 5 6 7 8 9 |  9.1
Armour         | 2 3 4 5 6 7 8 9 |  9.1
Evocations     | 1 2 3 4 5 6 7 8 9 |  9.7
Long Blades    | 2 4 5 |  5.3
Shields        | 1 6 |  6.0

Action                     |  1- 3 |  4- 6 |  7- 9 | 10-12 | 13-15 || total
---------------------------+-------+-------+-------+-------+-------++-------
  Melee: Short sword       |    80 |    82 |       |       |       ||   162
         Bite              |    22 |    82 |    93 |   233 |   197 ||   627
         Punch             |     2 |     4 |     4 |    15 |     1 ||    26
         Dagger            |       |   197 |   267 |   530 |    29 ||  1023
         Quick blade       |       |       |       |   115 |   401 ||   516
         Demon blade       |       |       |       |       |     6 ||     6
 Invoke: Berserk           |     2 |     3 |     1 |       |       ||     6
         Trog's Hand       |       |       |     1 |       |       ||     1
         Brothers in Arms  |       |       |       |     2 |       ||     2
  Evoke: Wand              |       |       |     2 |     9 |       ||    11
    Use: Scroll            |       |       |    16 |     4 |    10 ||    30
         Potion            |       |       |       |     1 |       ||     1
   Stab: Distracted        |       |       |       |    11 |       ||    11
 Armour: Animal skin       |    34 |       |       |       |       ||    34
         Ring mail         |    24 |   151 |   153 |   185 |       ||   513
         Troll leather arm |       |       |       |   175 |   146 ||   321
  Dodge: Dodged            |    63 |   131 |   152 |   301 |   186 ||   833
  Block: Buckler           |       |       |       |       |    39 ||    39

Table legend: (Time is in decaauts)
 A = Elapsed time spent in this place.
 B = Non-inter-level travel time spent in this place.
 C = Inter-level travel time spent in this place.
 D = Time resting spent in this place.
 E = Time spent auto-exploring this place.
 F = Levels seen in this place.
 G = Mean time per level.
                   A        B        C        D        E       F      G
               +--------+--------+--------+--------+--------+-----+--------+
         Total |  15111 |  14285 |    826 |    713 |  10673 |  20 |  755.5 |
       Dungeon |   9760 |   9197 |    563 |    368 |   7110 |  11 |  887.3 |
        Temple |      1 |      1 |      0 |      0 |      0 |   1 |    1.0 |
          Lair |   4296 |   4033 |    263 |    133 |   3176 |   5 |  859.2 |
       Ossuary |    386 |    386 |      0 |     74 |    165 |   1 |  386.0 |
        Bailey |    240 |    240 |      0 |     45 |    108 |   1 |  240.0 |
       Volcano |    425 |    425 |      0 |     92 |    114 |   1 |  425.0 |
               +--------+--------+--------+--------+--------+-----+--------+

Top non-repeatable levels by time:
  Lair:1: 1391 daAuts
  Lair:4: 1228 daAuts
     D:2: 1122 daAuts
     D:5: 1092 daAuts
     D:4: 1032 daAuts
    D:11: 956 daAuts
     D:3: 924 daAuts
  Lair:2: 909 daAuts
     D:9: 903 daAuts
     D:1: 857 daAuts
     D:7: 792 daAuts
  Lair:3: 742 daAuts
    D:10: 738 daAuts
     D:6: 677 daAuts
     D:8: 661 daAuts
